 Dungeon Crawl Stone Soup version 0.31-a0-1074-g0b22e4e0f1 (webtiles) character file.

Game seed: 1597157517815381699

7418 grandjackal the Fighter (level 11, -4/104 HPs)
             Began as a Ghoul Monk on Dec 1, 2023.
             Was an Elder of Kikubaaqudgha.
             Slain by a death yak (7 damage)
             ... on level 9 of the Dungeon.
             The game lasted 00:12:55 (8360 turns).

grandjackal the Fighter (Ghoul Monk)                Turns: 8360, Time: 00:12:56

Health: -4/104     AC:  9    Str: 16    XL:     11   Next: 14%
Magic:  10/10      EV: 11    Int: 13    God:    Kikubaaqudgha [****..]
Gold:   492        SH:  0    Dex: 11    Spells: 2/10 levels left

rFire   . .          .
                       - Unarmed
rCold   + + .        (no shield)
rNeg    + + +        B - +1 ring mail {rC+}
rPois   ∞            j - +0 mask of the Dragon {Will+ Slay+3 SInv}
rElec   .            n - +1 cloak {rCorr}
rCorr   +            (no gloves)
SInv    +            u - +0 pair of boots {Fly}
Will    +....        (no amulet)
Stlth   +            (no ring)
HPRegen 0.00/turn    (no ring)
MPRegen 0.12/turn

%: no passive effects
@: mighty, flying, inhibited regen, hasted, studying Staves, very quick
A: claws 1, cold resistance 1, negative energy resistance 3, inhibited
regeneration, torment resistance 2, devour on kill
a: Renounce Religion, Unearth Wretches


You were on level 9 of the Dungeon.
You worshipped Kikubaaqudgha.
Kikubaaqudgha was greatly pleased with you.
You visited 2 branches of the dungeon, and saw 10 of its levels.
You also visited: Bailey.

You collected 492 gold pieces.

Inventory:

Missiles
 q - 7 poisoned darts (quivered)
 C - a curare-tipped dart
Armour
 c - an orb of light
 j - the +0 mask of the Dragon (worn) {Will+ Slay+3 SInv}
   (You found it on level 2 of the Dungeon)

   Slay+3:    It affects your accuracy & damage with ranged weapons and melee
   (+3).
   Will+:     It increases your willpower.
   SInv:      It lets you see invisible.
 n - a +1 cloak of preservation (worn)
 u - a +0 pair of boots of flying (worn)
 A - the +0 helmet "Kost" {Will+ rCorr Int-4 SInv}
   (You found it on level 7 of the Dungeon)

   Int-4:     It affects your intelligence (-4).
   Will+:     It increases your willpower.
   SInv:      It lets you see invisible.
   rCorr:     It protects you from acid and corrosion.
 B - a +1 ring mail of cold resistance (worn)
 G - a +0 kite shield
 H - a +0 buckler
Magical Staves
 a - the staff of Ascent {rElec rC++ rN+ Necro}
   (You acquired it in a bailey)

   [staff of death]

   Base accuracy: +5 Base damage: 5 Base attack delay: 1.2 This weapon's minimum
   attack delay (0.6) is reached at skill level 12.
   rC++:      It greatly protects you from cold.
   rElec:     It insulates you from electricity.
   rN+:       It protects you from negative energy.
   Necro:     It increases the power of your Necromancy spells.
   It falls into the 'Staves' category.
   It is a one-clawed weapon.
Jewellery
 p - a ring of see invisible
 t - a ring of resist corrosion
Wands
 x - a wand of roots (6)
 y - a wand of flame (25)
Scrolls
 d - 2 scrolls of fear {unknown}
 h - 2 scrolls of noise {unknown}
 l - 6 scrolls of enchant armour {unknown}
 m - 3 scrolls of amnesia {unknown}
 o - a scroll of brand weapon {unknown}
 r - 2 scrolls of butterflies
 v - 2 scrolls of fog
 z - 4 scrolls of blinking
 D - a scroll of teleportation {unknown}
 F - a scroll of enchant weapon {unknown}
 I - a scroll of revelation
 J - a scroll of identify
Potions
 b - 2 potions of ambrosia
 e - 2 potions of enlightenment
 f - a potion of attraction
 g - 2 potions of curing {unknown}
 k - 3 potions of brilliance
 s - a potion of resistance
 E - a potion of haste


   Skills:
 + Level 11.7 Fighting
 + Level 5.2 Staves
 - Level 3.0 Armour
 - Level 3.0 Dodging
 - Level 10.7 Unarmed Combat
 + Level 7.7 Necromancy


You had 2 spell levels left.
You knew the following spells:

 Your Spells              Type           Power      Damage    Failure   Level
a - Animate Dead          Necr           20%        N/A       24%         4
b - Dispel Undead         Necr           20%        3d11      24%         4

Your spell library contained the following spells:

 Spells                   Type           Power      Damage    Failure   Level
 Necrotise                Necr           80%        1d8       2%          1
 Kiss of Death            Conj/Necr      40%        2d8       12%         1
 Cigotuvi's Dreadful Rot  Necr/Pois/Air  12%        N/A       30%         2
 Magic Dart               Conj           0%         1d3       50%         1
 Ignite Poison            Fire/Tmut/Pois 0%         N/A       86%         3
 Borgnjor's Vile Clutch   Necr/Erth      5%         N/A       97%         5
 Death Channel            Necr           10%        N/A       98%         6
 Arcjolt                  Conj/Air       0%         1d10      100%        5
 Freezing Cloud           Conj/Ice/Air   0%         6-21      100%        5
 Simulacrum               Ice/Necr       5%         N/A       100%        6


Dungeon Overview and Level Annotations

Branches:
Dungeon (9/15)             Temple (1/1) D:5          Bailey (visited)
   Lair: D:8-11         Orc: D:9-12

Altars:
Ashenzari
Cheibriados
Dithmenos
Fedhas
Hepliaklqana
Kikubaaqudgha
Makhleb
Nemelex Xobeh
Okawaru
Qazlal
Ru
Sif Muna
Trog
Uskayaw
Vehumet
Wu Jian
Xom
Yredelemnul

Shops:
D:2 [   D:5 *


Innate Abilities, Weirdness & Mutations

You are immune to poison.
You have sharp fingernails.
Your flesh is cold resistant. (rC+)
You are immune to negative energy. (rN+++)
You do not regenerate when monsters are visible.
You are immune to unholy pain and torment.
You thrive by killing the living.


Message History

The death yak misses you.
You scratch the death yak.
The death yak is severely wounded.
The death yak gores you!
You scratch the death yak.
The death yak is severely wounded.
The death yak gores you!
* * * LOW HITPOINT WARNING * * *
You mangle the death yak!!
You kill the death yak!
Kikubaaqudgha accepts your kill.
You feel better.
Your Staves skill increases to level 5!
You claw the death yak!
The death yak is moderately wounded.
You scratch the death yak.
The death yak is moderately wounded.
The death yak gores you!!
* * * LOW HITPOINT WARNING * * *
You barely miss the death yak.
The death yak is moderately wounded.
The death yak gores you!
* * * LOW HITPOINT WARNING * * *
A rat comes into view.
You feel much better.
A river rat comes into view.
The death yak barely misses you.
You barely miss the death yak.
The death yak is moderately wounded.
The death yak gores you!!
* * * LOW HITPOINT WARNING * * *
You mangle the death yak!!
The death yak is heavily wounded.
The death yak completely misses you.
You claw the death yak!
The death yak is severely wounded.
Okay, then.
You feel yourself speed up. The death yak gores you!
You die...
Kikubaaqudgha rasps: "You have failed me!
Welcome... oblivion!"

'#####.#. ............#
......... #..........+
......... +......$..#
......... #.........#
)........ #...r.....#
......... #..rr.....#
)........ ####r######
......[.. #Y# .........
#@## #.####### #..#
#....#### ##.# #.......#
#.#
#.......#########.#######
+.......'.))............#
#.......#########.#####.#
#.......# #.# ........#
#.#


You could see a death yak, a hell rat, 2 river rats and a rat.

Vanquished Creatures
  An orc warlord (Bailey)
  2 death yaks (D:9)
  A two-headed ogre (D:8)
  Joseph (D:8)
  Eustachio (D:4)
  A steam dragon (D:7)
  3 water moccasins (D:7)
  Duvessa (D:6)
  8 orc warriors
  2 sky beasts
  3 ice beasts
  3 black bears
  An ogre (D:5)
  2 phantoms
  A kobold brigand (D:8)
  5 bullfrogs
  2 gnoll sergeants
  2 scorpions
  Dowan (D:6)
  9 killer bees
  A howler monkey (D:7)
  2 jellies
  A gnoll bouda (D:9)
  3 hounds
  Crazy Yiuf (D:4)
  Terence (D:2)
  2 sleepcaps
  6 iguanas
  5 orc wizards
  Robin (D:2)
  22 gnolls
  12 adders
  A shadow imp (D:8)
  A white imp (D:6)
  2 worms
  5 dart slugs
  15 orcs
  10 bats
  4 endoplasms
  2 giant cockroaches (D:1)
  23 goblins
  10 hobgoblins
  5 jackals (D:1)
  21 kobolds
  4 quokkas
  11 ball pythons
  3 frilled lizards
  6 rats
230 creatures vanquished.

Vanquished Creatures (others)
  A shadow imp (D:7)
1 creature vanquished.

Grand Total: 231 creatures vanquished

Notes
Turn   | Place    | Note
-------+----------+-------------------------------------------
     0 | D:1      | grandjackal the Ghoul Monk began the quest for the Orb.
     0 | D:1      | Reached XP level 1. HP: 19/19 MP: 0/0
    81 | D:1      | Reached XP level 2. HP: 26/26 MP: 1/1
   280 | D:1      | Reached XP level 3. HP: 33/33 MP: 2/2
   589 | D:1      | Found a faded altar of an unknown god.
   764 | D:2      | Reached skill level 4 in Fighting
   764 | D:2      | Reached skill level 1 in Armour
   902 | D:2      | Noticed an animated storm dragon scales
   909 | D:2      | Found Zosy's Armour Shop.
   909 | D:2      | Found the +0 mask of the Dragon {Will+ Slay+3 SInv}
   919 | D:2      | Reached XP level 4. HP: 32/40 MP: 3/3
   919 | D:2      | Noticed an animated shadow dragon scales
   993 | D:2      | Noticed Terence
  1005 | D:2      | Killed Terence
  1124 | D:2      | Identified the +0 helmet "Uliniaru" {Fly}
  1124 | D:2      | Noticed Robin
  1132 | D:2      | Killed Robin
  1133 | D:2      | Reached XP level 5. HP: 47/47 MP: 4/4
  2071 | D:4      | You fall into a shaft and drop 2 floors!
  2091 | D:5      | Entered Level 5 of the Dungeon
  2160 | D:5      | Noticed an ice beast
  2168 | D:5      | Killed an ice beast
  2169 | D:5      | Reached skill level 5 in Fighting
  2169 | D:5      | Reached skill level 5 in Unarmed Combat
  2169 | D:5      | Reached XP level 6. HP: 56/56 MP: 5/5
  2315 | D:5      | Found a basalt altar of Yredelemnul.
  2437 | D:4      | Found a large runed translucent door.
  2438 | D:4      | Found a large runed translucent door.
  2455 | D:4      | Noticed a sky beast
  2471 | D:4      | Killed a sky beast
  2472 | D:4      | Reached XP level 7. HP: 10/62 MP: 6/6
  2710 | D:4      | Noticed Eustachio
  2720 | D:4      | Killed Eustachio
  2721 | D:4      | Reached skill level 6 in Fighting
  3075 | D:4      | Reached skill level 7 in Fighting
  3075 | D:4      | Reached XP level 8. HP: 39/73 MP: 7/7
  3428 | D:4      | Found a runed translucent door.
  3429 | D:4      | Noticed Crazy Yiuf
  3641 | D:4      | Found a radiant altar of Vehumet.
  3646 | D:4      | Found a stormy altar of Qazlal.
  3733 | D:4      | Killed Crazy Yiuf
  3903 | D:5      | Reached skill level 8 in Fighting
  3927 | D:5      | Found an iron altar of Okawaru.
  3986 | D:5      | Found a staircase to the Ecumenical Temple.
  3991 | Temple   | Entered the Ecumenical Temple
  4006 | Temple   | Became a worshipper of Kikubaaqudgha
  4006 | Temple   | Reached * piety under Kikubaaqudgha
  4006 | Temple   | Received a gift from Kikubaaqudgha
  4006 | Temple   | Reached ** piety under Kikubaaqudgha
  4026 | D:5      | Learned a level 4 spell: Animate Dead
  4029 | D:5      | Found Qadwiesch's Elemental Accessories.
  4137 | D:5      | Got Ciong's Annotations on Impure Forces
  4576 | D:6      | Reached skill level 1 in Necromancy
  4645 | D:6      | Noticed Dowan
  4648 | D:6      | Noticed Duvessa
  4664 | D:6      | Killed Duvessa
  4665 | D:6      | Reached XP level 9. HP: 55/82 MP: 8/8
  4670 | D:6      | Killed Dowan
  5436 | D:7      | Reached skill level 9 in Fighting
  5609 | D:7      | Found a broken altar of Ashenzari.
  5609 | D:7      | Found a hazy altar of Hepliaklqana.
  5829 | D:7      | Identified the +0 helmet "Kost" {Will+ rCorr Int-4 SInv}
  6341 | D:8      | Reached skill level 5 in Necromancy
  6352 | D:8      | Reached *** piety under Kikubaaqudgha
  6352 | D:8      | Received a gift from Kikubaaqudgha
  6353 | D:8      | Reached skill level 10 in Fighting
  6353 | D:8      | Reached XP level 10. HP: 71/93 MP: 9/9
  6357 | D:8      | Reached skill level 10 in Unarmed Combat
  6431 | D:8      | Noticed Joseph
  6448 | D:8      | HP: 4/93 [Joseph/+2 spectral quarterstaff (16)]
  6452 | D:8      | HP: 1/93 [Joseph/+2 spectral quarterstaff (3)]
  6453 | D:8      | Killed Joseph
  6702 | D:8      | Found a flagged portal.
  6713 | Bailey   | Entered a bailey
  6734 | Bailey   | Noticed an orc warlord
  6966 | Bailey   | Found a runed translucent gate.
  6967 | Bailey   | Found a runed translucent gate.
  6969 | Bailey   | Found a runed translucent gate.
  7177 | Bailey   | Killed an orc warlord
  7217 | Bailey   | Acquired the staff of Ascent {rElec rC++ rN+ Necro}
  7412 | D:8      | Reached **** piety under Kikubaaqudgha
  7471 | D:8      | Reached skill level 1 in Staves
  7484 | D:8      | Reached skill level 11 in Fighting
  7766 | D:8      | Noticed a two-headed ogre
  7774 | D:8      | Killed a two-headed ogre
  8121 | D:9      | Learned a level 4 spell: Dispel Undead
  8328 | D:9      | Noticed a death yak
  8328 | D:9      | Noticed a death yak
  8336 | D:9      | Noticed a death yak
  8345 | D:9      | Killed a death yak
  8346 | D:9      | Reached XP level 11. HP: 54/103 MP: 10/10
  8352 | D:9      | Killed a death yak
  8353 | D:9      | Reached skill level 5 in Staves
  8355 | D:9      | HP: 4/104 [death yak (11)]
  8360 | D:9      | Slain by a death yak

Illustrated notes

Levels and vault maps discovered:
D:1:      minmay_arrival_stair_chambers, layout_rooms,
          shapermc_ecumenical_altar_mp_highgroup
D:2:      layout_loops_ring, serial_shops, nicolae_shop_mannequins, uniq_robin,
          uniq_terence
D:3:      layout_basic, st_stairs_11, minivault_19
D:4:      layout_loops_ring, jmf_multi_god_temple2, uniq_eustachio,
          uniq_crazy_yiuf_cottage
D:5:      layout_cave_pods, zin_scriptorium, kennysheep_ying_yang,
          kennysheep_okawaru_gauntlet, temple_doors_e, nicolae_elemental_shop
D:6:      layout_loops_ring, uniq_duvessa
D:7:      layout_cave_pools, jmf_multi_god_temple
D:8:      layout_cave_pools, enter_bailey_7, minivault_1, uniq_joseph
D:9:      layout_roguey, general_overflow_altar, dpeg_lair_monsters,
          minmay_misc_feat_roman, serial_park_tiny_pond
Temple:   cyrus_circular_temple

Skill      XL: |  1  2  3  4  5  6  7  8  9 10 11 |
---------------+----------------------------------+-----
Dodging        | 3 |  3.0
Fighting       | 4 5 7 8 10 11 | 11.7
Armour         | 1 2 3 |  3.0
Unarmed Combat | 4 5 6 8 9 10 | 10.7
Necromancy     | 2 5 7 |  7.7
Staves         | 4 5 |  5.2

Action                     |  1- 3 |  4- 6 |  7- 9 | 10-12 || total
---------------------------+-------+-------+-------+-------++-------
  Melee: Unarmed           |   108 |   126 |   304 |   193 ||   731
         Punch             |       |     8 |    15 |    14 ||    37
  Throw: Dart              |       |       |     4 |       ||     4
  Evoke: Wand              |       |       |       |    26 ||    26
    Use: Potion            |       |       |     3 |     6 ||     9
         Scroll            |       |       |    11 |     3 ||    14
 Armour: Robe              |    12 |       |       |       ||    12
         Scale mail        |    58 |    89 |   221 |    13 ||   381
         Ring mail         |       |       |       |   133 ||   133
  Dodge: Dodged            |    54 |    49 |   159 |   105 ||   367

Table legend: (Time is in decaauts)
 A = Elapsed time spent in this place.
 B = Non-inter-level travel time spent in this place.
 C = Inter-level travel time spent in this place.
 D = Time resting spent in this place.
 E = Time spent auto-exploring this place.
 F = Levels seen in this place.
 G = Mean time per level.
                   A        B        C        D        E       F      G
               +--------+--------+--------+--------+--------+-----+--------+
         Total |   8209 |   7904 |    305 |   1764 |   4299 |  11 |  746.3 |
       Dungeon |   7714 |   7422 |    292 |   1624 |   4296 |   9 |  857.1 |
        Temple |     28 |     15 |     13 |      0 |      0 |   1 |   28.0 |
        Bailey |    466 |    466 |      0 |    140 |      3 |   1 |  466.0 |
               +--------+--------+--------+--------+--------+-----+--------+

Top non-repeatable levels by time:
     D:4: 1557 daAuts
     D:6: 1030 daAuts
     D:8: 1029 daAuts
     D:7: 951 daAuts
     D:5: 917 daAuts
     D:2: 864 daAuts
     D:1: 666 daAuts
  Bailey: 466 daAuts
     D:3: 463 daAuts
     D:9: 234 daAuts
  Temple: 28 daAuts
